 Dungeon Crawl Stone Soup version 0.20-a0-1116-gaa52201 (webtiles) character file.

199736 inmateoo the Brawler (level 17, -8/144 HPs)
             Began as a Demonspawn Monk on May 8, 2017.
             Was the Champion of Cheibriados.
             Killed from afar by a deep elf knight (25 damage)
             ... with a shard of ice
             ... on level 2 of the Vaults.
             The game lasted 00:56:03 (34209 turns).

inmateoo the Brawler (Demonspawn Monk)             Turns: 34209, Time: 00:56:04

Health: -8/144     AC: 18    Str: 32    XL:     17   Next: 85%
Magic:  0/29       EV: 23    Int: 28    God:    Cheibriados [******]
Gold:   2657       SH: 10    Dex: 33    Spells: 7/32 levels left

rFire    + + .     SeeInvis .     - Unarmed
rCold    + + +     Gourm    .   h - +0 buckler of the Mind {rC+ Str+2}
rNeg     . . .     Faith    .   z - +2 scale mail {rC+}
rPois    +         Spirit   +   R - +0 helmet
rElec    +         Reflect  +   F - +1 cloak
rCorr    .         Harm     .   (no gloves)
MR       +++..                  (no boots)
Stlth    ++........             O - +3 amulet of reflection
Regen    1.4/turn               K - ring of protection from cold
MPRegen  0.3/turn               v - ring of poison resistance

@: regenerating, very slow
A: claws 2, yellow scales 2, agile 1, demonic guardian 2, fire resistance 2,
magic resistance 2, robust 1, electricity resistance, weak 1, magic shield,
flame cloud immunity
}: 1/15 runes: decaying
a: Bend Time, Temporal Distortion, Slouch, Step From Time, Renounce Religion


You were on level 2 of the Vaults.
You worshipped Cheibriados.
Cheibriados was exalted by your worship.
You were not hungry.

You visited 6 branches of the dungeon, and saw 30 of its levels.
You also visited: Sewer and Ice Cave.

You collected 2742 gold pieces.
You spent 85 gold pieces at shops.

Inventory:

Missiles
 w - 3 steel javelins (quivered)
 H - 7 poisoned javelins
Armour
 h - the +0 buckler of the Mind (worn) {rC+ Str+2}
   (You acquired it on level 4 of the Swamp)

   It affects your strength (+2).
   It protects you from cold.
 z - a +2 scale mail of cold resistance (worn)
 F - a +1 cloak (worn)
 R - a +0 helmet (worn)
Jewellery
 t - an uncursed ring of resist corrosion {unknown}
 v - a ring of poison resistance (right claw)
 K - a ring of protection from cold (left claw)
 O - a +3 amulet of reflection (around neck)
 P - an uncursed ring of protection from fire
Wands
 c - a wand of scattershot (1/9)
 e - a wand of disintegration (7/24)
 g - a wand of flame (20/48)
 u - a wand of acid (8/15)
 A - a wand of paralysis (10/24)
 E - a wand of lightning (9/15)
 I - a wand of paralysis (14/24)
 M - a wand of iceblast (5/15)
 T - a wand of confusion (13/48)
 W - a wand of lightning (11/15)
 X - a wand of iceblast (5/15)
 Y - a wand of iceblast (6/15)
Scrolls
 d - 7 scrolls of recharging
 k - a scroll of enchant armour
 p - 5 scrolls of teleportation
 q - 8 scrolls of identify
 r - 6 scrolls of remove curse
 y - 3 scrolls of blinking
 B - 5 scrolls of amnesia
 C - 3 scrolls of magic mapping
 L - 3 scrolls of fear
 N - 2 scrolls of enchant weapon
Potions
 a - 2 potions of flight
 f - 15 potions of curing
 j - 6 potions of haste
 l - 5 potions of heal wounds
 m - 4 potions of brilliance
 n - 6 potions of might
 o - 4 potions of agility
 s - 2 potions of cancellation
 x - 5 potions of ambrosia
 U - a potion of magic
 V - 2 potions of invisibility
Miscellaneous
 G - 2 sacks of spiders
 Q - a lightning rod (4/4)
 S - a fan of gales
Comestibles
 b - 8 bread rations
 i - 13 royal jellies
 D - 20 fruits
 J - 3 meat rations


   Skills:
 + Level 11.5 Fighting
 + Level 11.3 Armour
 + Level 10.7 Dodging
 - Level 1.7 Stealth
 - Level 4.0 Shields
 * Level 16.4 Unarmed Combat
 + Level 8.1 Spellcasting
 - Level 7.3 Charms
 + Level 4.2 Transmutations
 + Level 7.0 Air Magic
 + Level 4.4 Earth Magic
 - Level 11.0 Invocations
 + Level 7.0 Evocations


You had 7 spell levels left.
You knew the following spells:

 Your Spells              Type           Power        Failure   Level  Hunger
a - Regeneration          Chrm/Necr      ####......   5%          3    None
b - Conjure Flame         Conj/Fire      ##......     26%         3    None
c - Deflect Missiles      Chrm/Air       ######....   54%         6    ######.
d - Passwall              Tmut/Erth      #####.....   2%          2    None
e - Silence               Hex/Air        ####......   47%         5    ####...
f - Statue Form           Tmut/Erth      #####....    91%         6    ######.


Dungeon Overview and Level Annotations

Branches:
Dungeon (15/15)            Temple (1/1) D:7            Lair (6/6) D:9
  Swamp (4/4) Lair:4       Spider (0/4) Lair:4        Slime (0/5) Lair:6
    Orc (2/2) D:9             Elf (0/3) Orc:2        Vaults (1/5) D:14
 Depths (0/5) D:15

Altars:
Ashenzari
Cheibriados
Dithmenos
Elyvilon
Fedhas
Gozag
Hepliaklqana
Kikubaaqudgha
Makhleb
Nemelex Xobeh
Okawaru
Qazlal
Ru
Sif Muna
Trog
Uskayaw
Vehumet
Wu Jian
Xom
Yredelemnul
Zin
The Shining One
Beogh

Shops:
D:7 }   Orc:2 *%**

Annotations:
Lair:2 exclusion: oklob plant


Innate Abilities, Weirdness & Mutations

You have very sharp fingernails.
You are mostly covered in yellow scales. (AC +3)
A demonic guardian rushes to your aid.
Your flesh is very heat resistant. (rF++)
When hurt, damage is shared between your health and your magic reserves.
You are immune to clouds of flame.
You are agile. (Dex +2)
You are highly resistant to hostile enchantments. (MR++)
You are robust. (+10% HP)
You are resistant to electric shocks. (rElec)
You are weak. (Str -2)


Message History

Something hits you!
You swing at nothing.
Something hits you but does no damage.
The yaktaur shoots a bolt.
The bolt hits you!!
* * * LOW HITPOINT WARNING * * *
You swing at nothing.
Something hits you but does no damage.
The yaktaur shoots a bolt.
The bolt hits you!!
* * * LOW HITPOINT WARNING * * *
The deep elf archer unwields an uncursed short sword.
The deep elf archer wields an uncursed longbow.
The deep elf archer shoots an arrow.
You reflect the arrow off an invisible shield around you!
The arrow is repelled.
The arrow hits the orc!!
The orc dies!
The deep elf mage mumbles some strange words.
The deep elf mage blinks!
You swing at nothing.
You hear some strange, mumbled words.
A shard of ice appears from out of thin air!
The shard of ice hits you! You partially resist.
You die...

##########################
..........................
..........................
##################....###
..#....# #.#....# #(#o...#
#(#co..# #@)ce..#
#ยง#e(..# #.#).?.#
#.#....+ #.#....# #e#..(.#
#.#....# #.#....# ..#....#


You could see 2 deep elf archers, 2 yaktaurs, a deep elf mage and an orc.

Vanquished Creatures
  A thorn hunter (Swamp:4)
  Donald (Swamp:2)
  Roxanne (D:15)
  A frost giant (IceCv)
  Aizul (Swamp:1)
  3 vault wardens (Vaults:2)
  2 orc warlords (Orc:2)
  A deep elf sorcerer (Vaults:2)
  A stone giant (Vaults:2)
  An ironheart preserver (Vaults:2)
  A dire elephant (Lair:3)
  A deep elf annihilator (Vaults:2)
  Azrael (D:14)
  An ettin (Vaults:2)
  Josephine (Lair:6)
  2 great orbs of eyes (Vaults:2)
  2 yaktaur captains
  2 vault guards (Vaults:2)
  19 hydras
  An ice dragon (Vaults:2)
  A death knight (D:15)
  6 centaur warriors
  3 ogre magi
  2 tengu warriors
  7 alligators
  4 death yaks
  16 two-headed ogres
  The ghost of Shinoi the Shield-Bearer, a novice DsAK of Lugonu (D:9)
  3 orc high priests (Orc:2)
  Sonja (D:14)
  A deep elf knight (Vaults:2)
  4 skeletal warriors
  4 spriggan druids (Swamp:4)
  2 unseen horrors
  8 swamp dragons
  2 ironbrand convokers (Vaults:2)
  A shambling mangrove (Swamp:3)
  A wizard (Swamp:1)
  A deep elf archer (Vaults:2)
  8 orc knights
  14 ugly things
  3 deep elf magi
  4 orc sorcerers
  A manticore (D:12)
  5 cyclopes
  9 elephants
  12 black mambas
  An ice statue (IceCv)
  An eye of devastation (shapeshifter) (D:15)
  4 vault sentinels
  4 molten gargoyles (D:14)
  2 gargoyles
  3 centaur skeletons
  21 spiny frogs
  A torpor snail (Lair:6)
  6 yaktaurs
  A kobold demonologist (D:12)
  3 rime drakes
  9 komodo dragons
  3 freezing wraiths (Vaults:2)
  2 ice devils (Lair:3)
  11 trolls
  A tengu conjurer (D:12)
  2 hornets (shapeshifter)
  20 polar bears
  9 tyrant leeches
  17 hornets
  A wind drake (shapeshifter) (D:15)
  11 blink frogs
  6 hippogriffs
  27 slime creatures
  11 bog bodies
  A harpy skeleton (D:15)
  A dream sheep (Lair:6)
  19 spriggans
  A vampire (D:12)
  5 wraiths
  60 yaks
  6 shadows
  4 fire elementals (D:14)
  2 wyverns
  6 basilisks
  A redback simulacrum (D:15)
  5 insubstantial wisps (Swamp:4)
  10 swamp worms
  21 vampire mosquitoes
  An acid dragon (D:14)
  4 wargs
  A soldier ant (D:13)
  21 water moccasins
  2 hell hounds (D:14)
  8 porcupines
  45 orc warriors
  5 sky beasts
  10 swamp drakes
  3 ice beasts
  An eye of draining (D:11)
  3 boggarts (Lair:6)
  6 black bears
  A necrophage (D:10)
  3 phantoms
  25 centaurs
  15 ogres
  38 wolves
  16 crocodiles
  3 big kobolds
  24 bullfrogs
  A scorpion (D:13)
  A wyvern skeleton (D:10)
  A water moccasin skeleton (D:12)
  7 killer bees (D:12)
  12 wights
  3 electric eels
  2 howler monkeys
  5 jellies
  10 crimson imps
  3 centaur zombies
  A quasit (D:9)
  8 hounds
  25 orc priests
  3 bullfrog skeletons
  8 iguanas
  19 orc wizards
  18 worker ants
  A killer bee zombie (D:5)
  2 hound zombies
  A hound skeleton (D:10)
  3 gnolls (D:3)
  2 howler monkey skeletons (D:5)
  19 adders
  3 shadow imps
  An ooze (D:3)
  An adder skeleton (D:8)
  4 worms
  A dart slug (D:4)
  3 leopard geckos
  101 orcs
  6 ball pythons
  8 bats
  5 giant cockroaches
  A goblin (D:3)
  2 hobgoblins (D:2)
  6 jackals
  31 kobolds
  7 quokkas
  6 frilled lizards
  A quokka zombie (D:5)
  27 rats
  2 briar patches (Swamp:4)
  A plant (Lair:5)
1094 creatures vanquished.

Vanquished Creatures (collateral kills)
  2 thorn hunters
  A vault warden (Vaults:2)
  Louise (D:14)
  An ironheart preserver (Vaults:2)
  4 hydras
  A death yak (Lair:6)
  Urug (Orc:1)
  5 two-headed ogres
  An orc high priest (Orc:2)
  A skeletal warrior (D:14)
  A swamp dragon (Swamp:4)
  A deep elf mage (Vaults:2)
  A wolf spider zombie (D:14)
  4 ugly things
  2 orc sorcerers (Orc:2)
  A cyclops (D:11)
  4 elephants (Lair:6)
  A rime drake (Lair:2)
  A yaktaur (Vaults:2)
  A polar bear (Lair:6)
  A troll (D:9)
  2 hornets
  A blink frog (Lair:6)
  A slime creature (Swamp:1)
  A bog body (Swamp:4)
  2 hippogriffs (Lair:6)
  A basilisk (D:12)
  2 wraiths (Lair:6)
  4 spriggans (Lair:6)
  8 yaks
  A hungry ghost (D:7)
  3 vampire mosquitoes
  An eye of draining (D:14)
  3 ice beasts
  4 orc warriors (Orc:2)
  11 wolves (Lair:6)
  A centaur (D:13)
  2 crocodiles
  A big kobold (Sewer)
  A bullfrog (D:10)
  A wight (D:7)
  2 centaur skeletons
  2 hounds
  5 orc priests (Orc:2)
  5 orc wizards
  Ijyb (D:4)
  An adder (D:3)
  A leopard gecko (D:8)
  6 orcs
  A jackal (D:3)
  2 kobolds (D:8)
  A quokka zombie (D:9)
  2 briar patches (Swamp:4)
  A fungus (Lair:3)
117 creatures vanquished.

Vanquished Creatures (others)
  An unseen horror (D:13)
  A spriggan druid (Swamp:2)
  A shadow (D:13)
  2 orcs
  A fire vortex (D:14)
  13 fungi
  9 plants
28 creatures vanquished.

Grand Total: 1239 creatures vanquished

Notes
Turn   | Place    | Note
-------+----------+-------------------------------------------
     0 | D:1      | inmateoo the Demonspawn Monk began the quest for the Orb.
     0 | D:1      | Reached XP level 1. HP: 18/18 MP: 1/1
   322 | D:2      | Reached skill level 3 in Unarmed Combat
   360 | D:2      | Gained mutation: A weak demonic guardian rushes to your aid. [demonic ancestry]
   360 | D:2      | Reached XP level 2. HP: 24/24 MP: 2/2
   643 | D:3      | Noticed a crimson imp
   655 | D:3      | Killed a crimson imp
   655 | D:3      | Reached skill level 4 in Unarmed Combat
   655 | D:3      | Reached XP level 3. HP: 20/29 MP: 3/3
   910 | D:3      | Gained mutation: You have sharp fingernails. [demonic ancestry]
   910 | D:3      | Reached XP level 4. HP: 19/35 MP: 4/4
  1758 | D:3      | Reached skill level 5 in Unarmed Combat
  2053 | D:4      | Reached XP level 5. HP: 35/41 MP: 5/5
  2480 | D:4      | Reached skill level 1 in Armour
  2512 | D:4      | Noticed Ijyb
  2536 | D:4      | Killed Ijyb
  2549 | D:4      | Gained mutation: You are partially covered in yellow scales. (AC +2) [demonic ancestry]
  2549 | D:4      | Reached XP level 6. HP: 20/47 MP: 6/6
  2791 | D:4      | Reached skill level 6 in Unarmed Combat
  2801 | D:4      | Found a burning altar of Makhleb.
  3347 | D:4      | Got a jewelled dagger
  3679 | D:5      | Entered Level 5 of the Dungeon
  3714 | D:5      | Found a glowing drain.
  3792 | Sewer    | Entered a sewer
  4150 | Sewer    | Reached XP level 7. HP: 49/52 MP: 7/7
  4504 | D:5      | You fall through a shaft!
  4510 | D:6      | Found a stormy altar of Qazlal.
  4651 | D:6      | Reached skill level 7 in Unarmed Combat
  4684 | D:6      | Identified the +3 dagger "Secret Weapon" {pierce, *Rage rN+++ Int+2} (You found it on level 4 of the Dungeon)
  5349 | D:5      | Reached XP level 8. HP: 42/58 MP: 8/8
  5359 | D:5      | Reached skill level 8 in Unarmed Combat
  6249 | D:7      | Found a staircase to the Ecumenical Temple.
  6268 | Temple   | Entered the Ecumenical Temple
  6372 | Temple   | Became a worshipper of Cheibriados the Contemplative
  6372 | Temple   | Reached * piety under Cheibriados
  6372 | Temple   | Reached ** piety under Cheibriados
  6499 | D:7      | Found Metexod's Gadget Emporium.
  6586 | D:6      | Reached skill level 9 in Unarmed Combat
  6586 | D:6      | Reached skill level 1 in Invocations
  6620 | D:7      | Reached skill level 5 in Armour
  6695 | D:7      | Gained mutation: Your flesh is heat resistant. (rF+) [demonic ancestry]
  6695 | D:7      | Reached XP level 9. HP: 11/64 MP: 10/10
  7641 | D:8      | Reached *** piety under Cheibriados
  7967 | D:8      | Gained mutation: You have very sharp fingernails. [mutagenic meat]
  7968 | D:8      | Gained mutation: You are weak. (Str -2) [mutagenic meat]
  7969 | D:8      | Gained mutation: You are clumsy. (Dex -2) [mutagenic meat]
  7970 | D:8      | Gained mutation: You are resistant to electric shocks. (rElec) [mutagenic meat]
  8525 | D:9      | Reached skill level 10 in Unarmed Combat
  8528 | D:9      | Reached **** piety under Cheibriados
  8928 | D:9      | Noticed Shinoi's ghost (novice DsAK)
  8951 | D:9      | Killed Shinoi's ghost
  8951 | D:9      | Reached skill level 5 in Fighting
  8951 | D:9      | Reached skill level 5 in Invocations
  8951 | D:9      | Gained mutation: You are mostly covered in yellow scales. (AC +3) [demonic ancestry]
  8951 | D:9      | Reached XP level 10. HP: 57/74 MP: 13/13
  9052 | D:9      | Found a staircase to the Lair.
  9206 | D:9      | Found a staircase to the Orcish Mines.
  9364 | D:9      | Found a glowing silver altar of Zin.
  9502 | Orc:1    | Entered Level 1 of the Orcish Mines
  9525 | Orc:1    | Noticed Urug
  9540 | Orc:1    | Killed Urug
  9540 | Orc:1    | Reached skill level 5 in Dodging
  9896 | D:10     | Entered Level 10 of the Dungeon
 10168 | D:10     | Killed an unseen horror
 10168 | D:10     | Reached skill level 11 in Unarmed Combat
 10515 | D:10     | Gained mutation: You are immune to clouds of flame. [demonic ancestry]
 10515 | D:10     | Reached XP level 11. HP: 60/81 MP: 16/16
 10932 | D:10     | Reached ***** piety under Cheibriados
 11263 | D:11     | Learned a level 3 spell: Regeneration
 12237 | D:12     | Noticed a cyan ugly thing
 12248 | D:12     | Killed a cyan ugly thing
 12329 | D:12     | Noticed a cyan ugly thing
 12349 | D:12     | Killed a cyan ugly thing
 12378 | D:12     | Noticed a centaur warrior
 12390 | D:12     | Killed a centaur warrior
 12666 | D:12     | Reached skill level 12 in Unarmed Combat
 12676 | D:12     | Noticed a two-headed ogre
 12685 | D:12     | Killed a two-headed ogre
 13006 | D:12     | Gained mutation: You are robust. (+10% HP) [mutagenic meat]
 13058 | D:12     | Noticed a green ugly thing
 13069 | D:12     | Killed a green ugly thing
 13078 | D:12     | Gained mutation: You are resistant to hostile enchantments. (MR+) [mutagenic meat]
 13079 | D:12     | Gained mutation: You are highly resistant to hostile enchantments. (MR++) [mutagenic meat]
 13081 | D:12     | Gained mutation: You are very clumsy. (Dex -4) [mutagenic meat]
 13335 | D:12     | Reached XP level 12. HP: 74/100 MP: 18/18
 14099 | D:13     | Reached ****** piety under Cheibriados
 14126 | D:13     | Learned a level 3 spell: Conjure Flame
 14156 | D:13     | Noticed a seven-headed hydra
 14160 | D:13     | Killed a seven-headed hydra
 14496 | D:13     | Reached skill level 1 in Charms
 14497 | D:13     | Reached skill level 1 in Shields
 14552 | D:13     | Reached skill level 1 in Spellcasting
 14858 | Lair:1   | Entered Level 1 of the Lair of Beasts
 15313 | Lair:1   | Reached skill level 10 in Invocations
 15527 | Lair:1   | Reached skill level 13 in Unarmed Combat
 16142 | Lair:2   | Noticed an eight-headed hydra
 16153 | Lair:2   | Killed an eight-headed hydra
 16544 | Lair:3   | Noticed a dire elephant
 16562 | Lair:3   | Mutation became permanent: You have sharp fingernails. [demonic ancestry]
 16562 | Lair:3   | Gained mutation: You have very sharp fingernails. [demonic ancestry]
 16562 | Lair:3   | Reached XP level 13. HP: 49/108 MP: 14/20
 16562 | Lair:3   | Killed a dire elephant
 16638 | Lair:3   | Found a frozen archway.
 16708 | IceCv    | Entered an ice cave
 17284 | IceCv    | Noticed a frost giant
 17319 | IceCv    | Killed a frost giant
 17376 | IceCv    | Learned a level 6 spell: Deflect Missiles
 18028 | Lair:4   | Found a hole to the Spider Nest.
 18158 | Lair:4   | Found a staircase to the Swamp.
 18403 | Lair:4   | Reached skill level 1 in Air Magic
 18403 | Lair:4   | Gained mutation: A demonic guardian rushes to your aid. [demonic ancestry]
 18403 | Lair:4   | Reached XP level 14. HP: 68/118 MP: 22/22
 19660 | Lair:5   | Reached skill level 14 in Unarmed Combat
 20127 | Lair:6   | Entered Level 6 of the Lair of Beasts
 20193 | Lair:6   | Reached skill level 1 in Evocations
 20536 | Lair:6   | Learned a level 2 spell: Passwall
 20542 | Lair:6   | Learned a level 5 spell: Silence
 20897 | Lair:6   | Reached skill level 5 in Spellcasting
 20937 | Lair:6   | Found a staircase to the Slime Pits.
 21170 | Lair:6   | Reached skill level 5 in Charms
 21470 | Lair:6   | Noticed Josephine
 21480 | Lair:6   | Killed Josephine
 21571 | Lair:6   | Reached XP level 15. HP: 58/126 MP: 21/23
 21575 | Lair:6   | Reached skill level 10 in Fighting
 22584 | Orc:2    | Entered Level 2 of the Orcish Mines
 22735 | Orc:2    | Noticed an orc warlord
 22752 | Orc:2    | Killed an orc warlord
 23302 | Orc:2    | Found a roughly hewn altar of Beogh.
 23372 | Orc:2    | Reached skill level 10 in Armour
 23422 | Orc:2    | Found Ethinui's General Store.
 23441 | Orc:2    | Found Askupots's Assorted Antiques.
 23460 | Orc:2    | Bought a potion of curing for 51 gold pieces
 23460 | Orc:2    | Bought a scroll of identify for 34 gold pieces
 23783 | Orc:2    | Noticed an orc warlord
 23829 | Orc:2    | Killed an orc warlord
 24273 | Orc:2    | Found Giotwamu's General Store.
 24292 | Orc:2    | Found a roughly hewn altar of Beogh.
 24419 | Orc:2    | Found Nuomep's Food Shoppe.
 24425 | Orc:2    | Reached skill level 15 in Unarmed Combat
 24616 | Orc:2    | Found a staircase to the Elven Halls.
 24767 | Orc:1    | Found a roughly hewn altar of Beogh.
 25166 | D:14     | Noticed Louise
 25211 | D:14     | Killed Louise
 25459 | D:14     | Lost mutation: You are very clumsy. (Dex -4) [mutagenic meat]
 25460 | D:14     | Gained mutation: Your mind is acute. (Int +2) [mutagenic meat]
 25461 | D:14     | Gained mutation: Your flesh is very heat resistant. (rF++) [mutagenic meat]
 25847 | D:14     | Found a gate to the Vaults.
 25982 | D:14     | Noticed Azrael
 25997 | D:14     | Killed Azrael
 26066 | D:14     | Noticed Sonja
 26073 | D:14     | Killed Sonja
 26125 | D:15     | Entered Level 15 of the Dungeon
 26125 | D:15     | Found an ornate altar of the Wu Jian Council.
 26125 | D:15     | Noticed Roxanne
 26280 | D:15     | Found a shattered altar of Ashenzari.
 26327 | D:15     | Gained mutation: When hurt, damage is shared between your health and your magic reserves. [demonic ancestry]
 26327 | D:15     | Reached XP level 16. HP: 136/136 MP: 26/26
 26340 | D:15     | Reached skill level 5 in Evocations
 26415 | D:15     | Reached skill level 5 in Air Magic
 26555 | D:15     | Got a polished ring mail
 26566 | D:15     | Lost mutation: You are clumsy. (Dex -2) [mutagenic meat]
 26568 | D:15     | Lost mutation: Your mind is acute. (Int +2) [mutagenic meat]
 26569 | D:15     | Gained mutation: You are agile. (Dex +2) [mutagenic meat]
 26597 | D:15     | Identified the +1 ring mail of Isuiluul {rN+ Int-2 Dex+6} (You found it on level 15 of the Dungeon)
 26786 | D:15     | Found a staircase to the Depths.
 27269 | D:15     | Killed Roxanne
 27287 | D:15     | Learned a level 6 spell: Statue Form
 27625 | Swamp:1  | Entered Level 1 of the Swamp
 27893 | Swamp:1  | Reached skill level 1 in Earth Magic
 27989 | Swamp:1  | Noticed Aizul
 28006 | Swamp:1  | Killed Aizul
 28386 | Swamp:1  | Reached skill level 10 in Dodging
 28711 | Swamp:1  | Reached skill level 1 in Transmutations
 29151 | Swamp:2  | Noticed Donald
 29163 | Swamp:2  | Killed Donald
 30164 | Swamp:3  | Noticed a thorn hunter
 30174 | Swamp:3  | Killed a thorn hunter
 30658 | Swamp:4  | Entered Level 4 of the Swamp
 30707 | Swamp:4  | Identified a scroll of acquirement
 30710 | Swamp:4  | Got a translucent buckler
 30723 | Swamp:4  | Identified the +0 buckler of the Mind {rC+ Str+2} (You acquired it on level 4 of the Swamp)
 30748 | Swamp:4  | Noticed a thorn hunter
 30761 | Swamp:4  | Killed a thorn hunter
 31143 | Swamp:4  | Reached XP level 17. HP: 64/144 MP: 15/28
 31191 | Swamp:4  | Reached skill level 16 in Unarmed Combat
 32411 | Swamp:4  | Got a decaying rune of Zot
 32966 | Vaults:1 | Entered Level 1 of the Vaults
 33022 | Vaults:1 | You fall through a shaft!
 34209 | Vaults:2 | Killed from afar by a deep elf knight

Vault maps used:
D:1:      dpeg_arrival_three_bigger_balls
D:2:      minmay_misc_feat_more_columns
D:3:      first_bread
D:4:      makhleb_blood_cavern_becter, grunt_decor_mini_mirrors, uniq_ijyb
D:5:      gup_sewer_entry_glass
D:6:      roderic_batcave, nicolae_qazlal_general_emergency
D:7:      minmay_temple_entry_glass, serial_shops,
          nicolae_shop_competitors_out_of_business, kennysheep_generic_room_2
D:9:      david_lair_generic, basic_altar
D:10:     the_bakery
D:12:     minmay_quarter_circles
D:14:     david_vaults_2, minmay_staircase_bubble, minivault_8, uniq_louise,
          uniq_sonja, uniq_azrael
D:15:     grunt_enter_depths_snipers, basic_altar, ashenzari_altar_1,
          uniq_roxanne
Temple:   kilobyte_greek_temple
Lair:1:   st_stairs_12
Lair:2:   serial_bayou_ford_a, nicolae_quartered_pool_medium,
          nicolae_lair_grove_arrangements, grunt_megastairs_3,
          minmay_lair_oklob_chamber, infiniplex_staircase_pool
Lair:3:   portal_ice_cave_demonic_guard
Lair:4:   minmay_swamp_entry_reptiles, dummy_spider_entry, lemuel_fruit_fields
Lair:5:   hangedman_lair_unloving_vines
Lair:6:   minmay_lair_end_enchanted_forest, slime_dummy, serial_bayou_crossing,
          lemuel_fruit_tree, uniq_josephine
Swamp:1:  evilmike_swamp_ruin_house_3, grunt_witch_cave, uniq_aizul
Swamp:2:  hangedman_swamp_cone, uniq_donald
Swamp:3:  nicolae_swamp_trees_clearing, swamp_pool1
Swamp:4:  swamp_alternative, swamp_pool1
Orc:1:    basic_altar, uniq_urug
Orc:2:    pubby_orc_utopia
Vaults:1: v_misc_18, nicolae_vaults_specimen_jars, ontoclasm_vaults_idyll,
          ontoclasm_vaults_decontamination, nicolae_vaults_little_squares_3,
          vaults_room_pool, nicolae_vaults_twisting_passages,
          nicolae_vaults_circle_grid_a, vaults_standard_mumra_lines,
          nicolae_vaults_hallways_thing, grunt_vaults_twisty, serial_shops, shop
Vaults:2: v_pattern_4, nicolae_vaults_three_branches,
          nicolae_vaults_circle_grid_a, nicolae_vaults_asterisk,
          ontoclasm_vaults_shout, grunt_vaults_hallway_short,
          nicolae_vaults_network_quinsquares, ontoclasm_vaults_gateway,
          enter_trove_3
Sewer:    sewer_minmay_treatment
IceCv:    ice_cave_caverns_01

Skill      XL: |  1  2  3  4  5  6  7  8  9 10 11 12 13 14 15 16 17 |
---------------+----------------------------------------------------+-----
Unarmed Combat | 3 4 5 6 7 9 10 11 12 13 14 15 16 | 16.4
Armour         | 1 2 3 5 6 7 8 9 10 11 | 11.3
Invocations    | 2 5 7 8 10 11 | 11.0
Dodging        | 3 4 5 6 7 8 9 10 | 10.7
Fighting       | 5 6 7 8 9 10 11 | 11.5
Charms         | 2 3 5 6 7 |  7.3
Shields        | 2 3 4 |  4.0
Spellcasting   | 2 4 5 6 7 8 |  8.1
Air Magic      | 1 3 4 6 7 |  7.0
Evocations     | 2 4 6 7 |  7.0
Earth Magic    | 2 4 |  4.4
Transmutations | 2 4 |  4.2
Stealth        | |  1.7

Action                   |  1- 3 |  4- 6 |  7- 9 | 10-12 | 13-15 | 16-18 || total
-------------------------+-------+-------+-------+-------+-------+-------++-------
Melee: Unarmed           |    89 |   253 |   495 |   713 |  1624 |  1087 ||  4261
       Punch             |     3 |     3 |       |       |       |       ||     6
 Cast: Regeneration      |       |       |       |     1 |    63 |    26 ||    90
Invok: Slouch            |       |       |       |     2 |     5 |     6 ||    13
Evoke: Wand              |       |       |     1 |       |       |       ||     1
  Use: Scroll            |     3 |     4 |    10 |     8 |     5 |     7 ||    37
       Potion            |       |     1 |     1 |     2 |       |     1 ||     5
 Stab: Sleeping          |     3 |     2 |     1 |     2 |     2 |       ||    10
       Distracted        |       |       |     2 |    12 |    16 |     6 ||    36
       Confused          |       |       |       |       |     3 |     1 ||     4
  Eat: Chunk             |       |    10 |    16 |    19 |    22 |    13 ||    80
       Royal jelly       |       |       |     1 |       |       |       ||     1
       Fruit             |       |       |       |       |     5 |     7 ||    12
       Meat ration       |       |       |       |       |       |     1 ||     1
Armor: Leather armour    |    22 |    73 |   118 |       |       |       ||   213
       Scale mail        |       |       |    89 |   188 |   451 |   256 ||   984
Dodge: Dodged            |    38 |   147 |   287 |   393 |  1151 |   838 ||  2854
Block: Buckler           |       |       |   103 |   170 |   631 |   530 ||  1434
       Reflection        |       |       |       |       |       |    17 ||    17
